 Dungeon Crawl Stone Soup version 0.28.0-53-g5a82cb258f (webtiles) character file.

Game seed: 14458184112104384350

70 ZappyNine the Skirmisher (level 4, -3/43 (45) HPs)
             Began as an Ogre Transmuter on June 2, 2022.
             Succumbed to a crimson imp's poison
             ... on level 3 of the Dungeon.
             The game lasted 00:03:34 (3417 turns).

ZappyNine the Skirmisher (Ogre Transmuter)          Turns: 3417, Time: 00:03:35

HP:   -3/43 (45)    AC:  3    Str: 16    XL:     4   Next: 22%
MP:   7/8           EV:  9    Int: 14    God:
Gold: 148           SH:  0    Dex:  9    Spells: 3/9 levels left

rFire   . . .      SeeInvis .   c - +3 dagger
rCold   . . .      Faith    .   (no shield)
rNeg    . . .      Spirit   .   a - +0 robe
rPois   .          Reflect  .   (helmet currently unavailable)
rElec   .          Harm     .   (no cloak)
rCorr   .          Rampage  .   (gloves unavailable)
Will    .....                   (boots unavailable)
Stlth   +.........              (no amulet)
HPRegen 0.14/turn               (no ring)
MPRegen 0.11/turn               (no ring)

@: lethally poisoned (-3 -> -17), appendages, hasted, lightly drained, very
quick
A: horns 2, talons 2, large, unfitting armour, tough skin 1
a: End Transformation


You were on level 3 of the Dungeon.
You had temporarily grown beastly horns and talons.
You visited 1 branch of the dungeon, and saw 3 of its levels.

You collected 148 gold pieces.

Inventory:

Hand Weapons
 c - a +3 dagger (weapon)
 d - a +0 dagger
Armour
 a - a +0 robe (worn)
Scrolls
 e - a scroll of teleportation {unknown}
 h - a scroll of vulnerability {unknown}
Potions
 f - a potion of might
 g - a potion of attraction
 i - a potion of lignification {unknown}


   Skills:
 + Level 3.2 Fighting
 - Level 1.7 Dodging
 - Level 3.0 Unarmed Combat
 * Level 3.2 Spellcasting
 - Level 2.1 Transmutations
 + Level 0.8 Poison Magic


You had 3 spell levels left.
You knew the following spells:

 Your Spells              Type           Power      Damage    Failure   Level
a - Beastly Appendage     Tmut           16%        N/A       9%          1
b - Wereblood             Tmut           8%         N/A       13%         2
c - Spider Form           Tmut/Pois      6%         N/A       34%         3

Your spell library contained the following spells:

 Spells                   Type           Power      Damage    Failure   Level
 Gell's Gravitas          Tloc           2%         N/A       54%         3
 Teleport Other           Tloc           2%         N/A       54%         3
 Ice Form                 Ice/Tmut       5%         N/A       80%         4
 Dispersal                Tloc           1%         N/A       100%        6


Dungeon Overview and Level Annotations

Branches:
Dungeon (3/15)

Altars:
Makhleb
Xom

Shops:
D:2 !   D:3 (


Innate Abilities, Weirdness & Mutations

You have temporarily grown beastly horns and talons.
You are too large for most types of armour.
You have tough skin. (AC +1)


Message History

The crimson imp is severely wounded.
You feel sick.
The crimson imp blinks!
You feel sick.
The crimson imp hits you with a +2 dagger of chaos.
You are more poisoned.
There is an open door here.
You hit the crimson imp.
The crimson imp is almost dead.
You feel sick.
The crimson imp hits you with a +2 dagger of chaos.
You are too injured to fight recklessly!
You are too injured to fight recklessly!
You are too injured to fight recklessly!
You are too injured to fight recklessly!
You are too injured to fight recklessly!
You are too injured to fight recklessly!
You are too injured to fight recklessly!
You are too injured to fight recklessly!
You are too injured to fight recklessly!
You are too injured to fight recklessly!
You are too injured to fight recklessly!
You are too injured to fight recklessly!
Casting: Beastly Appendage (safe; 9% risk of failure)
Confirm with . or Enter, or press ? or * to list all spells.
You grow a pair of large bovine horns.
Your feet morph into talons.
You feel sick.
The crimson imp hits you with a +2 dagger of chaos!
* * * LOW HITPOINT WARNING * * *
You are lethally poisoned!
You closely miss the crimson imp.
You claw the crimson imp, but do no damage.
The crimson imp is severely wounded.
* * * LOW HITPOINT WARNING * * *
You feel very sick.
The crimson imp hits you with a +2 dagger of chaos.
* * * LOW HITPOINT WARNING * * *
You feel drained.
* * * LOW HITPOINT WARNING * * *
It was a potion of haste.
You feel yourself speed up.
You die...

#.'......'....##.
#.#......####.##.
#.#<......(.#.##.
###.#......##.#.##.
#...#......##.#.##.
#.#.#......##.#.#..
#.#####.......#.###
#.#.._###.....#.#..
#5@...# #.....#.#[#
###.._# #.....#.#.#
##### #######.#.#
###.#.# #...#.#
######.###.#
#...##.###.#
####...##.#....
#......##.#....


You could see a crimson imp.

Vanquished Creatures
  2 adders (D:3)
  2 worms
  A dart slug (D:2)
  2 ball pythons
  3 endoplasms
  2 giant cockroaches
  10 hobgoblins
  4 bats
  5 goblins
  5 kobolds
  8 rats
44 creatures vanquished.

Vanquished Creatures (others)
  A demonic plant (D:1)
1 creature vanquished.

Grand Total: 45 creatures vanquished

Notes
Turn   | Place    | Note
-------+----------+-------------------------------------------
     0 | D:1      | ZappyNine the Ogre Transmuter began the quest for the Orb.
     0 | D:1      | Reached XP level 1. HP: 19/19 MP: 3/3
   178 | D:1      | Found a faded altar of an unknown god.
   322 | D:1      | Reached XP level 2. HP: 29/29 MP: 3/5
   368 | D:1      | Learned a level 2 spell: Wereblood
   460 | D:1      | You fall into a shaft and drop 1 floor!
   480 | D:2      | Found Ynnaggai's Distillery.
  1179 | D:2      | Reached XP level 3. HP: 15/37 MP: 6/6
  1183 | D:2      | Learned a level 3 spell: Spider Form
  2689 | D:3      | Reached XP level 4. HP: 24/45 MP: 8/8
  2966 | D:3      | Found Idwue's Weapon Shop.
  3398 | D:3      | Found a burning altar of Makhleb.
  3399 | D:3      | Found a shimmering altar of Xom.
  3416 | D:3      | HP: 2/44 [crimson imp/+2 dagger of chaos (3)]
  3417 | D:3      | Succumbed to a crimson imp's poison

Illustrated notes

Levels and vault maps discovered:
D:1:      lightli_arrival_maybe_door_vault, layout_loops_cross,
          shapermc_ecumenical_altar_gd
D:2:      layout_loops_corners, serial_shops, shop
D:3:      layout_basic, grunt_temple_overflow_champion_of_chaos, serial_shops,
          nicolae_shop_trees, minmay_fountain_box

Skill      XL: |  1  2  3 |
---------------+----------+-----
Fighting       | 2 3 |  3.2
Unarmed Combat | 3 |  3.0
Transmutations | 2 |  2.1
Spellcasting   | 3 |  3.2
Dodging        | |  1.7
Poison Magic   | |  0.8

Action                   |  1- 3 |  4- 6 || total
-------------------------+-------+-------++-------
Melee: Unarmed           |    35 |       ||    35
       Kick              |    12 |     2 ||    14
       Headbutt          |     8 |     2 ||    10
       Dagger            |    94 |    38 ||   132
       Punch             |     1 |     1 ||     2
 Cast: Beastly Appendage |    22 |     3 ||    25
  Use: Scroll            |     4 |       ||     4
       Potion            |     1 |     1 ||     2
Armor: Robe              |    42 |     6 ||    48
Dodge: Dodged            |    82 |    12 ||    94
